 Dungeon Crawl Stone Soup version 0.30-a0-465-g8901f6c8b5 (webtiles) character file.

Game seed: 11922191558665596398

651 experimilk the Destroyer (level 7, -1/50 HPs)
             Began as a Grey Draconian Conjurer on Dec 18, 2022.
             Slain by an orc warrior
             ... wielding a +0 great sword
              (11 damage)
             ... on level 5 of the Dungeon.
             The game lasted 00:10:10 (4924 turns).

experimilk the Destroyer (Grey Draconian Conjurer)  Turns: 4924, Time: 00:10:10

Health: -1/50      AC: 16    Str:  9    XL:     7   Next: 28%
Magic:  0/11       EV: 11    Int: 21    God:
Gold:   126        SH:  2    Dex:  9    Spells: 2/11 levels left

rFire   . . .      SeeInvis .    s - +0 short sword
rCold   . . .      Faith    .    x - +0 buckler
rNeg    . . .      Spirit   .    (body armour unavailable)
rPois   .          Reflect  .    b - +1 hat
rElec   .          Harm     .    j - +0 cloak
rCorr   .          Rampage  .    (no gloves)
Will    .....                    g - +2 pair of boots
Stlth   ++........               (no amulet)
HPRegen 0.28/turn                (no ring)
MPRegen 0.12/turn                (no ring)

@: about to teleport, studying Conjurations
A: AC +11, amphibious, unfitting armour, cold-blooded
a: no special abilities


You were on level 5 of the Dungeon.
You visited 1 branch of the dungeon, and saw 5 of its levels.

You collected 256 gold pieces.
You spent 130 gold pieces at shops.

Inventory:

Hand Weapons
 s - a +0 short sword (weapon)
Armour
 b - a +1 hat (worn)
 g - a +2 pair of boots (worn)
 j - a +0 cloak (worn)
 x - a +0 buckler (worn)
Jewellery
 u - an amulet of reflection
Wands
 r - a wand of polymorph (6)
Scrolls
 a - 2 scrolls of vulnerability {unknown}
 d - a scroll of magic mapping {unknown}
 e - 2 scrolls of teleportation
 h - 2 scrolls of silence {unknown}
 i - a scroll of blinking {unknown}
 k - 2 scrolls of amnesia {unknown}
 n - a scroll of butterflies {unknown}
 o - 2 scrolls of enchant armour {unknown}
 p - a scroll of fear {unknown}
 y - 2 scrolls of identify
 A - a scroll of immolation {unknown}
Potions
 c - a potion of ambrosia
 f - a potion of haste
 l - a potion of might {unknown}
 m - a potion of berserk rage {unknown}
 q - a potion of cancellation {unknown}
 t - a potion of mutation {unknown}
 v - a potion of lignification {unknown}
 w - a potion of brilliance {unknown}
 z - a potion of curing {unknown}
 B - a potion of experience {unknown}


   Skills:
 - Level 1.7 Dodging
 - Level 1.7 Stealth
 + Level 2.6 Spellcasting
 - Level 9.0 Conjurations
 + Level 1.8 Translocations


You had 2 spell levels left.
You knew the following spells:

 Your Spells              Type           Power      Damage    Failure   Level
a - Magic Dart            Conj           100%       1d8       1%          1
v - Momentum Strike       Conj/Tloc      50%        3d9       3%          2
x - Iskenderun's Mystic   Conj/Tloc      25%        2d7       21%         4
z - Searing Ray           Conj           80%        2d7       1%          2

Your spell library contained the following spells:

 Spells                   Type           Power      Damage    Failure   Level
 Blink                    Tloc           20%        N/A       14%         2
 Dazzling Flash           Conj/Hex       42%        N/A       9%          3
 Lesser Beckoning         Tloc           20%        N/A       26%         3
 Fulminant Prism          Conj/Hex       10%        3d9       30%         4


Dungeon Overview and Level Annotations

Branches:
Dungeon (5/15)
 Temple: D:4-7

Altars:
Fedhas
Gozag
Qazlal

Shops:
D:4 (*[=[


Innate Abilities, Weirdness & Mutations

Your dull iron-grey scales are very hard. (AC +11)
You are amphibious.
You cannot fit into any form of body armour.
You are cold-blooded and may be slowed by cold attacks.


Message History

The orc warrior hits you with a +0 great sword!
The searing ray hits the orc warrior.
You kill the orc warrior!
The orc warrior hits you but does no damage.
Training target 9.0 for Conjurations reached!
Your Conjurations skill increases to level 9!
Casting: Searing Ray (safe; 1% risk of failure)
Confirm with . or Enter, or press ? or * to list all spells.
Restarting spell: Searing Ray (safe; 1% risk of failure)
Press: ? - help, Shift-Dir - straight line, f - orc warrior
Aim: an orc warrior, wielding a +0 great sword and wearing a +0 plate armour (82% to hit)
The searing ray misses the orc warrior. (Press . to maintain the ray.)
The orc warrior hits you with a +0 great sword!
Sorry, you're not good enough to have a special ability.
Aiming: Magic Dart (safe; 1% risk of failure)
Press: ? - help, Q - select action, (/) - cycle Shift-Dir - straight line, f/p - orc warrior
Aim: an orc warrior, wielding a +0 great sword and wearing a +0 plate armour (100% to hit)
The magic dart hits the orc warrior.
The orc warrior is lightly wounded.
The orc warrior hits you with a +0 great sword!
* * * LOW HITPOINT WARNING * * *
Unknown command.
Sorry, you're not good enough to have a special ability.
Aiming: Magic Dart (safe; 1% risk of failure)
Press: ? - help, Q - select action, (/) - cycle Shift-Dir - straight line, f/p - orc warrior
Aim: an orc warrior, wielding a +0 great sword and wearing a +0 plate armour (lightly wounded, 100% to hit)
The magic dart hits the orc warrior but does no damage.
The orc warrior is lightly wounded.
A jackal comes into view.
The orc warrior hits you but does no damage.
Sorry, you're not good enough to have a special ability.
Unknown command.
As you read the scroll of teleportation, it crumbles to dust.
You feel strangely unstable.
The orc warrior hits you but does no damage.
Unknown command.
The orc warrior attacks as you move away!
The orc warrior hits you with a +0 great sword!
You die...

..## ###### ....
##.... .h... #....#
..... #####....#
......
#.......)###......
#.#.##.....)†....#
#......###@o......
#.....## ##.......
##...## #....).
#...# ####..
#.).#### ##...
#......### #.....
#........###..#..#
#......#.....#...#
##.##..###.......#..


You could see an orc warrior and a jackal (wandering).

Vanquished Creatures
  An orc warrior (D:5)
  3 ogres
  2 centaurs (D:4)
  5 adders
  3 worms
  4 dart slugs
  6 orcs
  12 ball pythons
  6 endoplasms
  5 giant cockroaches
  11 goblins
  12 hobgoblins
  4 jackals (D:4)
  2 quokkas
  5 bats
  4 frilled lizards
  4 kobolds
  4 rats
93 creatures vanquished.

Notes
Turn   | Place    | Note
-------+----------+-------------------------------------------
     0 | D:1      | experimilk the Draconian Conjurer began the quest for the
                  | Orb.
     0 | D:1      | Reached XP level 1. HP: 14/14 MP: 3/3
   571 | D:1      | Reached XP level 2. HP: 20/20 MP: 3/5
   900 | D:1      | Learned a level 2 spell: Searing Ray
  1194 | D:1      | Reached skill level 5 in Conjurations
  1218 | D:1      | Reached XP level 3. HP: 26/26 MP: 3/6
  1973 | D:2      | Reached XP level 4. HP: 33/33 MP: 3/7
  2350 | D:3      | Learned a level 4 spell: Iskenderun's Mystic Blast
  2431 | D:3      | Reached skill level 6 in Conjurations
  2639 | D:3      | Identified the +1 helmet of the Hart {Will++ Int+2 Dex-2}
  2734 | D:3      | Found a stormy altar of Qazlal.
  3297 | D:4      | Found Lyle's Jewellery Shoppe.
  3369 | D:4      | Noticed an ogre
  3446 | D:4      | Found Zuijuyxo's Antique Armour Emporium.
  3485 | D:4      | Bought a buckler for 130 gold pieces
  3586 | D:4      | Killed an ogre
  3587 | D:4      | Reached skill level 7 in Conjurations
  3587 | D:4      | Reached XP level 5. HP: 38/38 MP: 1/8
  3836 | D:4      | Found Sulach's Weapon Boutique.
  3894 | D:4      | Found Niareb's Assorted Antiques.
  3979 | D:4      | Found Avaxecw's Armour Shoppe.
  4260 | D:4      | Noticed a centaur
  4265 | D:4      | Noticed a centaur
  4274 | D:4      | Killed a centaur
  4275 | D:4      | Reached XP level 6. HP: 39/45 MP: 6/9
  4410 | D:4      | HP: 2/45 [ogre/+0 giant club (19)]
  4412 | D:4      | Reached skill level 8 in Conjurations
  4673 | D:4      | Learned a level 2 spell: Momentum Strike
  4709 | D:4      | Found a blossoming altar of Fedhas.
  4755 | D:5      | Entered Level 5 of the Dungeon
  4769 | D:5      | Found an opulent altar of Gozag.
  4780 | D:5      | Reached skill level 1 in Translocations
  4780 | D:5      | Your scales start taking on a dull iron-grey colour.
  4780 | D:5      | Reached XP level 7. HP: 50/50 MP: 1/10
  4920 | D:5      | Reached skill level 9 in Conjurations
  4924 | D:5      | Slain by an orc warrior

Illustrated notes

Levels and vault maps discovered:
D:1:      kennysheep_arrival_forest, layout_loops_ring
D:2:      layout_rooms
D:3:      layout_basic, nicolae_qazlal_general_emergency,
          guppyfry_early_orc_mine
D:4:      layout_basic, lemuel_tele_altar, serial_shops, shop_statue,
          nicolae_shop_overgrown_old_shop, shop, shop, nicolae_shop_statue_plus,
          minmay_crystal_water, minmay_manual_mares
D:5:      layout_rooms, grunt_gozag_breadcrumbs, vehumet_statue, zin_academy,
          kennysheep_another_room, sword_in_stone

Skill      XL: |  1  2  3  4  5  6  7 |
---------------+----------------------+-----
Conjurations   | 5 7 8 9 |  9.0
Translocations | 1 |  1.8
Dodging        | |  1.7
Stealth        | |  1.7
Spellcasting   | |  2.6

Action                   |  1- 3 |  4- 6 |  7- 9 || total
-------------------------+-------+-------+-------++-------
Melee: Unarmed           |     8 |       |       ||     8
       Tailslap          |     3 |     4 |       ||     7
       Dagger            |     3 |       |       ||     3
       Short sword       |       |    21 |       ||    21
 Cast: Magic Dart        |    71 |    63 |     8 ||   142
       Searing Ray       |     4 |    23 |     2 ||    29
       Momentum Strike   |       |     1 |       ||     1
  Use: Scroll            |     3 |     1 |     1 ||     5
       Potion            |       |     3 |       ||     3
Armor: Skin              |     5 |    16 |     4 ||    25
Dodge: Dodged            |    13 |    28 |     1 ||    42
Block: Buckler           |       |     3 |       ||     3

Table legend: (Time is in decaauts)
 A = Elapsed time spent in this place.
 B = Non-inter-level travel time spent in this place.
 C = Inter-level travel time spent in this place.
 D = Time resting spent in this place.
 E = Time spent auto-exploring this place.
 F = Levels seen in this place.
 G = Mean time per level.
                   A        B        C        D        E       F      G
               +--------+--------+--------+--------+--------+-----+--------+
         Total |   4914 |   4735 |    179 |    787 |   3330 |   5 |  982.8 |
       Dungeon |   4914 |   4735 |    179 |    787 |   3330 |   5 |  982.8 |
               +--------+--------+--------+--------+--------+-----+--------+

Top non-repeatable levels by time:
     D:4: 1407 daAuts
     D:1: 1375 daAuts
     D:3: 1107 daAuts
     D:2: 855 daAuts
     D:5: 168 daAuts
